 Dungeon Crawl Stone Soup version 0.30.0-15-g856e2d3f33 (webtiles) character file.

Game seed: 17268651661273860705

125199 SnakkuSnakku7 the Marksghoul (level 16, 0/139 HPs)
             Began as a Ghoul Hexslinger on May 20, 2023.
             Was a Priest of Uskayaw.
             Slain by a redback (10 damage)
             ... on level 1 of the Spider Nest.
             The game lasted 00:34:02 (21356 turns).

SnakkuSnakku7 the Marksghoul (Ghoul Hexslinger)    Turns: 21356, Time: 00:34:03

Health: 0/139      AC: 26    Str: 23    XL:     16   Next: 95%
Magic:  0/24       EV: 15    Int: 23    God:    Uskayaw [***...]
Gold:   1324       SH:  0    Dex: 11    Spells: 16/17 levels left

rFire   + + +        b - +7 arbalest of Strategic Superiority {penet, rF+ rC+ Str+3 Int+3}
rCold   + + .        (shield currently unavailable)
rNeg    + + +        j - +5 scale mail of Marbles {rPois rF+ Int+3 Slay+2}
rPois   ∞            o - +2 helmet
rElec   .            e - +2 cloak {Will+}
rCorr   +            A - +4 pair of gloves "Oproemy" {Int+6}
SInv    .            C - +2 pair of boots {rampage}
Will    ++...        G - amulet "Faurept" {Spirit rF+ Regen+ Int+3 Slay+3} Stlth
                     y - ring "Canoph" {rCorr Slay+4}
HPRegen 0.00/turn    f - +5 ring of evasion
MPRegen 0.19/turn

%: guardian spirit, rampage
@: inhibited regen
A: claws 1, cold resistance 1, negative energy resistance 3, inhibited
regeneration, torment resistance 2, devour on kill
a: Renounce Religion, Stomp, Line Pass


You were on level 1 of the Spider Nest.
You worshipped Uskayaw.
Uskayaw was pleased with you.
You visited 5 branches of the dungeon, and saw 24 of its levels.
You also visited: Ossuary.

You collected 1982 gold pieces.
You spent 658 gold pieces at shops.

Inventory:

Hand Weapons
 b - the +7 arbalest of Strategic Superiority (weapon) {penet, rF+ rC+ Str+3 Int+3}
   (You found it on level 3 of the Lair of Beasts)

   Str:       It affects your strength (+3).
   Int:       It affects your intelligence (+3).
   rF:        It protects you from fire.
   rC:        It protects you from cold.
 N - a +0 hand crossbow
Missiles
 m - 9 curare-tipped darts
 F - 6 silver javelins
Armour
 e - a +2 cloak of willpower (worn)
 h - a +0 troll leather armour
 j - the +5 scale mail of Marbles (worn) {rPois rF+ Int+3 Slay+2}
   (You found it on level 2 of the Dungeon)

   Int:       It affects your intelligence (+3).
   Slay:      It affects your accuracy & damage with ranged weapons and melee
   (+2).
   rF:        It protects you from fire.
   rPois:     It protects you from poison.
 o - a +2 helmet (worn)
 A - the +4 pair of gloves "Oproemy" (worn) {Int+6}
   (You acquired it on level 15 of the Dungeon)

   Int:       It affects your intelligence (+6).
 C - a +2 pair of boots of rampaging (worn)
Jewellery
 f - a +5 ring of evasion (right hand)
 y - the ring "Canoph" (left hand) {rCorr Slay+4}
   (You found it on level 7 of the Dungeon)

   [ring of slaying]

   Slay:      It affects your accuracy & damage with ranged weapons and melee
   (+4).
   rCorr:     It protects you from acid and corrosion.
 E - a ring of protection from fire
 G - the amulet "Faurept" (around neck) {Spirit rF+ Regen+ Int+3 Slay+3}
   (You took it off a centaur on level 10 of the Dungeon)

   [amulet of guardian spirit]

   It causes incoming damage to be divided between your reserves of health and
   magic.
   Int:       It affects your intelligence (+3).
   Slay:      It affects your accuracy & damage with ranged weapons and melee
   (+3).
   rF:        It protects you from fire.
   Regen:     It increases your rate of health regeneration.
 L - a ring of fire
 R - a +6 ring of dexterity
Wands
 c - a wand of flame (47)
 k - a wand of charming (27)
 q - a wand of mindburst (6)
 t - a wand of roots (24)
 x - a wand of light (31)
 Q - a wand of polymorph (6)
Scrolls
 a - 3 scrolls of immolation
 d - 25 scrolls of teleportation
 i - 6 scrolls of vulnerability
 l - 2 scrolls of magic mapping
 p - 3 scrolls of fear
 u - 6 scrolls of blinking
 w - 3 scrolls of fog
 H - 9 scrolls of poison
 J - 3 scrolls of identify
 M - a scroll of summoning
Potions
 g - 4 potions of invisibility
 n - 9 potions of ambrosia
 r - 4 potions of magic
 s - 4 potions of flight
 v - 5 potions of attraction
 z - 9 potions of curing
 B - 2 potions of heal wounds
 D - 4 potions of haste
 I - 2 potions of cancellation
 K - 3 potions of might
 O - a potion of brilliance


   Skills:
 - Level 12.0 Fighting
 + Level 17.5 Ranged Weapons
 - Level 4.2 Armour
 - Level 1.7 Dodging
 - Level 10.0 Shields
 - Level 15.0 Unarmed Combat
 - Level 1.0 Spellcasting
 - Level 2.4 Hexes
 - Level 12.0 Invocations


You had 16 spell levels left.
You knew the following spells:

 Your Spells              Type           Power      Damage    Failure   Level
a - Slow                  Hex            48%        N/A       13%         1

Your spell library contained the following spells:

 Spells                   Type           Power      Damage    Failure   Level
 Foxfire                  Conj/Fire      4%         2x1d4     34%         1
 Freeze                   Ice            4%         1d3       34%         1
 Sting                    Tmut/Pois      4%         1d3       34%         1
 Cigotuvi's Dreadful Rot  Necr/Pois/Air  2%         N/A       45%         2
 Lesser Beckoning         Tloc           2%         N/A       45%         2
 Poisonous Vapours        Pois/Air       2%         N/A       45%         2
 Dazzling Flash           Conj/Hex       12%        N/A       54%         3
 Inner Flame              Hex/Fire       6%         N/A       54%         3
 Portal Projectile        Hex/Tloc       12%        N/A       54%         3
 Frozen Ramparts          Ice            2%         1d1       71%         3
 Gell's Gravitas          Tloc           1%         N/A       71%         3
 Hailstorm                Conj/Ice       1%         3d3       71%         3
 Teleport Other           Tloc           1%         N/A       71%         3
 Vhi's Electric Charge    Tloc/Air       2%         N/A       71%         3
 Cause Fear               Hex            6%         N/A       78%         4
 Animate Armour           Summ/Erth      2%         N/A       98%         4
 Dispel Undead            Necr           1%         3d6       98%         4
 Olgreb's Toxic Radiance  Pois           1%         N/A       98%         4
 Petrify                  Tmut/Erth      1%         N/A       98%         4
 Metabolic Englaciation   Hex/Ice        3%         N/A       99%         5
 Silence                  Hex/Air        3%         N/A       99%         5
 Agony                    Necr           1%         N/A       100%        5
 Arcjolt                  Conj/Air       0%         1d10      100%        5
 Fireball                 Conj/Fire      0%         3d3       100%        5
 Death Channel            Necr           0%         N/A       100%        6
 Dispersal                Tloc           0%         N/A       100%        6
 Iron Shot                Conj/Erth      0%         9d1       100%        6
 Plasma Beam              Fire/Air       0%         2x1d11    100%        6
 Starburst                Conj/Fire      0%         6d3       100%        6
 Maxwell's Capacitive Co  Air            0%         ∞         100%        8
 Blade Hands              Tmut           Unusable   N/A       N/A         5
 Statue Form              Tmut/Erth      Unusable   N/A       N/A         6

Dungeon Overview and Level Annotations

Branches:
Dungeon (15/15)            Temple (1/1) D:5            Lair (5/5) D:10
 Shoals (0/4) Lair:3       Spider (1/4) Lair:2        Slime (0/5) Lair:5
    Orc (2/2) D:9             Elf (0/3) Orc:2        Vaults (0/5) D:14
 Depths (0/4) D:15        Ossuary (visited)

Altars:
Ashenzari
Cheibriados
Dithmenos
Gozag
Kikubaaqudgha
Makhleb
Nemelex Xobeh
Okawaru
Ru
Sif Muna
Trog
Uskayaw
Vehumet
Wu Jian
Jiyva
Lugonu

Shops:
D:7 **   D:14 *   Orc:2 [=:?*

Portals:
Abyss: Lair:5

Annotations:
D:4 Edmund
Spider:1 Agnes


Innate Abilities, Weirdness & Mutations

You are immune to poison.
You have sharp fingernails.
Your flesh is cold resistant. (rC+)
You are immune to negative energy. (rN+++)
You do not regenerate when monsters are visible.
You are immune to unholy pain and torment.
You thrive by killing the living.


Message History

You are too injured to fight recklessly!
You are too injured to fight recklessly!
The jumping spider attacks as you move away!
The jumping spider barely misses you.
The jumping spider bites you but does no damage.
The jumping spider leaps!
Agnes hits you but does no damage.
Unknown command.
Fire: b) +7 arbalest of Strategic Superiority {penet, rF+ rC+ Str+3 Int+3}
Press: ? - help, Q - select action, (/) - cycle Shift-Dir - straight line, f - tarantella, p - Agnes
Aim: a tarantella (69% to hit)
You shoot a bolt. The bolt pierces through Agnes!
Agnes is heavily wounded.
The bolt pierces through the redback!
The redback is heavily wounded.
The bolt pierces through the tarantella!!
The tarantella is almost dead.
Agnes hits you with a +0 lajatang of speed!
* * * LOW HITPOINT WARNING * * *
Agnes hits you with a +0 lajatang of speed.
* * * LOW HITPOINT WARNING * * *
Agnes closely misses you.
Uskayaw will force your foes to helplessly watch your dance.
Uskayaw prepares the audience for your solo!
Unknown command.
You shoot a bolt. The bolt pierces through Agnes!
Agnes is severely wounded.
Unknown command.
Unknown command.
You shoot a bolt. The bolt completely misses Agnes.
Unknown command.
Unknown command.
You shoot a bolt. The bolt pierces through Agnes!
Agnes is severely wounded.
Agnes is no longer paralysed.
The jumping spider is no longer paralysed.
The redback is no longer paralysed.
Agnes hits you with a +0 lajatang of speed!
* * * LOW HITPOINT WARNING * * *
Agnes misses you.
The jumping spider leaps!
The redback bites you!
You die...

###...##..#....#...##
#......#.......##...#
####....###....#...#...#
#..#....########...(.###
###....###..#..###...##
#.....##.#.......#....#
##..[..#...#.....#..###
##.#.^....##s.###!..
#####.>..#..@s#..#..
###..##.i.##.##..
#.#####s.### ..# ###
.°..# ^.. ......#
...##..# ##.. ... ..#
.... s(. #..##


You could see Agnes, a jumping spider, a tarantella (paralysed) and a redback.

Vanquished Creatures
  Rupert (Orc:2)
  Jorgrun (D:12)
  A tentacled starspawn (Lair:3)
  A tengu reaver (D:12)
  Gastronok (Lair:2)
  Donald (Spider:1)
  A storm dragon (D:12)
  An orc warlord (Orc:2)
  Nessos (D:14)
  A dire elephant (D:15)
  A fire dragon (D:15)
  7 hydras
  Erolcha (D:12)
  An ogre mage (D:15)
  7 centaur warriors
  3 boulder beetles
  10 two-headed ogres
  3 thrashing horrors (Lair:5)
  5 orc high priests (Orc:2)
  15 death yaks
  A skeletal warrior (D:10)
  Amaemon (Lair:1)
  A skyshark (Lair:5)
  A steelbarb worm (Spider:1)
  Pikel (D:5)
  11 orc knights
  A wizard (D:14)
  2 necromancers (D:14)
  4 deep elf pyromancers
  A deep elf zephyrmancer (D:6)
  13 ugly things
  A salamander (D:15)
  2 wolf spiders
  8 cyclopes
  An orc sorcerer (Orc:2)
  An elephant (Lair:3)
  4 manticores
  A black mamba (shapeshifter) (Lair:5)
  Maurice (D:9)
  A guardian serpent (shapeshifter) (D:13)
  7 orange demons
  6 black mambas
  A smoke demon (Lair:5)
  8 cane toads
  4 unseen horrors
  4 large abominations (Lair:5)
  4 kobold demonologists (D:13)
  A rime drake (Lair:4)
  A yaktaur (shapeshifter) (D:10)
  11 komodo dragons
  3 freezing wraiths
  3 tengu conjurers
  An ancient zyme (Lair:5)
  2 polar bears
  2 red devils (D:12)
  A merfolk (D:15)
  A troll (shapeshifter) (D:13)
  A queen bee (Lair:4)
  A queen bee (shapeshifter) (D:14)
  3 meliai (Lair:4)
  Grinder (D:5)
  8 trolls
  A hornet (D:9)
  15 blink frogs
  A snapping turtle (Lair:3)
  A jumping spider (Spider:1)
  Sigmund (D:3)
  11 slime creatures
  3 spriggans
  A water elemental (D:15)
  5 wraiths
  2 ynoxinuls (Lair:5)
  A human (Lair:3)
  A centaur simulacrum (D:15)
  2 shadows
  8 wyverns
  85 yaks
  A redback (Spider:1)
  7 basilisks
  Eustachio (D:4)
  5 vampire mosquitoes
  2 steam dragons
  2 chaos spawn (Lair:5)
  3 wargs
  6 acid dragons
  Menkaure (D:4)
  Duvessa (D:5)
  20 water moccasins
  2 meliai simulacra
  2 black bears
  40 orc warriors
  3 ice beasts
  A sky beast (D:4)
  8 ogres
  16 wolves
  18 centaurs
  2 phantoms (D:9)
  5 kobold brigands
  11 bullfrogs
  An elf zombie (Ossuary)
  3 gnoll sergeants
  A scorpion (D:5)
  12 wights
  Dowan (D:4)
  13 small abominations (Lair:5)
  A troll zombie (D:9)
  28 killer bees
  An electric eel (D:15)
  A howler monkey (D:5)
  2 human zombies (Ossuary)
  7 jellies
  6 hounds
  3 gnoll boudas
  32 orc priests
  2 sleepcaps
  4 iguanas
  27 orc wizards
  Ijyb (D:3)
  6 hell rats (Lair:1)
  7 ogre zombies (D:9)
  A boggart simulacrum (D:15)
  2 mummies (Ossuary)
  Robin (D:3)
  15 gnolls
  11 adders
  2 river rats (D:4)
  2 white imps (D:15)
  An ufetubus (D:6)
  An adder zombie (Ossuary)
  2 worms (D:3)
  2 dart slugs
  128 orcs
  9 endoplasms
  5 giant cockroaches
  19 goblins
  12 hobgoblins
  2 jackals (D:1)
  19 kobolds
  7 quokkas
  11 ball pythons
  9 bats
  6 frilled lizards (D:1)
  2 goblin skeletons (D:9)
  A goblin zombie (D:9)
  9 hobgoblin zombies
  4 jackal zombies (Ossuary)
  8 kobold zombies (Ossuary)
  4 orc skeletons (D:9)
  24 orc zombies
  5 rats
972 creatures vanquished.

Vanquished Creatures (collateral kills)
  A ball python (D:4)
1 creature vanquished.

Vanquished Creatures (others)
  2 orcs
2 creatures vanquished.

Grand Total: 975 creatures vanquished

Notes
Turn   | Place    | Note
-------+----------+-------------------------------------------
     0 | D:1      | SnakkuSnakku7 the Ghoul Hexslinger began the quest for the
                  | Orb.
     0 | D:1      | Reached XP level 1. HP: 16/16 MP: 1/1
    66 | D:1      | Reached XP level 2. HP: 15/24 MP: 2/2
   358 | D:1      | Reached XP level 3. HP: 31/31 MP: 3/3
  1080 | D:2      | Identified the +5 scale mail of Marbles {rPois rF+ Int+3
                  | Slay+2}
  1126 | D:2      | Reached XP level 4. HP: 40/40 MP: 4/4
  1268 | D:2      | Found a faded altar of an unknown god.
  1430 | D:3      | Noticed Sigmund
  1455 | D:3      | Killed Sigmund
  1456 | D:3      | Reached XP level 5. HP: 15/51 MP: 5/5
  1456 | D:3      | Reached XP level 6. HP: 17/58 MP: 6/6
  1498 | D:3      | Noticed Ijyb
  1536 | D:3      | Killed Ijyb
  1537 | D:3      | Reached skill level 1 in Unarmed Combat
  1596 | D:3      | Found a sacrificial altar of Ru.
  1601 | D:3      | Found an opulent altar of Gozag.
  1601 | D:3      | Found an ornate altar of the Wu Jian Council.
  1997 | D:3      | Noticed Robin
  2033 | D:3      | Killed Robin
  2341 | D:4      | Noticed Eustachio
  2422 | D:4      | Noticed Edmund
  2521 | D:4      | Found a sand-covered staircase.
  2530 | Ossuary  | Entered an ossuary
  2620 | Ossuary  | Reached XP level 7. HP: 40/64 MP: 7/7
  2699 | Ossuary  | Reached skill level 5 in Unarmed Combat
  2792 | D:4      | Noticed Menkaure
  2802 | D:4      | Killed Menkaure
  2848 | D:4      | Found a glowing drain.
  3190 | D:4      | Reached XP level 8. HP: 71/71 MP: 8/8
  3249 | D:4      | Killed Eustachio
  3335 | D:5      | Entered Level 5 of the Dungeon
  3336 | D:5      | Found a staircase to the Ecumenical Temple.
  3338 | D:5      | Noticed Duvessa
  3338 | D:5      | Noticed Grinder
  3339 | D:5      | Noticed Dowan
  3500 | D:5      | Killed Duvessa
  3513 | D:4      | Killed Dowan
  3696 | D:5      | Killed Grinder
  3708 | Temple   | Entered the Ecumenical Temple
  3730 | Temple   | Became a worshipper of Uskayaw the Reveller
  3806 | D:5      | Reached * piety under Uskayaw
  4013 | D:5      | Reached ** piety under Uskayaw
  4015 | D:5      | Reached *** piety under Uskayaw
  4018 | D:5      | Reached **** piety under Uskayaw
  4065 | D:5      | Reached skill level 10 in Unarmed Combat
  4210 | D:5      | Reached XP level 9. HP: 78/78 MP: 9/9
  4458 | D:5      | Noticed Pikel
  4467 | D:5      | Killed Pikel
  5143 | D:6      | Found a broken altar of Ashenzari.
  5359 | D:6      | Noticed a deep elf zephyrmancer
  5362 | D:6      | Killed a deep elf zephyrmancer
  5363 | D:6      | Reached XP level 10. HP: 82/84 MP: 10/10
  5439 | D:7      | Identified the ring "Canoph" {rCorr Slay+4}
  5462 | D:7      | Found Ryna's Sacrilege Store.
  5491 | D:7      | Found Komieh's General Store.
  5652 | D:7      | Reached ***** piety under Uskayaw
  6428 | D:8      | Noticed a two-headed ogre
  6438 | D:8      | Killed a two-headed ogre
  6538 | D:8      | Reached skill level 15 in Unarmed Combat
  6626 | D:8      | Found an iron altar of Okawaru.
  6629 | D:8      | Found a radiant altar of Vehumet.
  6633 | D:8      | Found a snail-covered altar of Cheibriados.
  7003 | D:9      | Found a shadowy altar of Dithmenos.
  7030 | D:9      | Found a staircase to the Orcish Mines.
  7052 | D:9      | Reached ****** piety under Uskayaw
  7336 | D:9      | Reached skill level 5 in Shields
  7365 | D:9      | Reached XP level 11. HP: 73/91 MP: 11/11
  7458 | D:9      | Noticed Maurice
  7510 | D:9      | Killed Maurice
  7826 | D:9      | Noticed a boulder beetle
  7845 | D:9      | Killed a boulder beetle
  7907 | D:10     | Entered Level 10 of the Dungeon
  8087 | D:10     | Noticed a two-headed ogre
  8087 | D:10     | Noticed a two-headed ogre
  8098 | D:10     | Killed a two-headed ogre
  8122 | D:10     | Killed a two-headed ogre
  8165 | D:10     | Noticed a deep elf pyromancer
  8166 | D:10     | Noticed a brown ugly thing
  8166 | D:10     | Noticed a white ugly thing
  8172 | D:10     | Killed a deep elf pyromancer
  8173 | D:10     | Noticed a manticore
  8178 | D:10     | Killed a brown ugly thing
  8179 | D:10     | Reached skill level 10 in Shields
  8179 | D:10     | Reached skill level 1 in Invocations
  8189 | D:10     | Killed a white ugly thing
  8192 | D:10     | Killed a manticore
  8193 | D:10     | Reached XP level 12. HP: 70/97 MP: 11/14
  8275 | D:10     | Noticed a two-headed ogre
  8287 | D:10     | Killed a two-headed ogre
  8288 | D:10     | Reached skill level 5 in Invocations
  8644 | D:10     | Identified the +6 halberd of Fee Simple {pain, *Noise rPois
                  | rC+ Dex+4}
  8864 | D:10     | Found a staircase to the Lair.
  8889 | D:10     | Identified the amulet "Faurept" {Spirit rF+ Regen+ Int+3
                  | Slay+3}
  9038 | D:10     | Identified the +0 plate armour of Analysis {rF+++ Dex+6}
  9091 | Lair:1   | Entered Level 1 of the Lair of Beasts
  9173 | Lair:1   | Reached skill level 10 in Invocations
  9233 | Lair:1   | Noticed Amaemon
  9246 | Lair:1   | Killed Amaemon
  9553 | Lair:1   | Reached XP level 13. HP: 103/103 MP: 18/20
 10312 | Lair:2   | Found the +8 whip "Snakebite" {venom, curare, rPois}
 10466 | Lair:2   | Reached skill level 10 in Fighting
 10492 | Lair:2   | Noticed Gastronok
 10506 | Lair:2   | Killed Gastronok
 10552 | Lair:2   | Found a hole to the Spider Nest.
 11132 | Lair:3   | Reached skill level 1 in Armour
 11230 | Lair:3   | Found a staircase to the Shoals.
 11308 | Lair:3   | Found a runed translucent door.
 11309 | Lair:3   | Noticed a tentacled starspawn
 11323 | Lair:3   | Killed a tentacled starspawn
 11325 | Lair:3   | Identified the +7 arbalest of Strategic Superiority {penet,
                  | rF+ rC+ Str+3 Int+3}
 11355 | Lair:3   | Reached skill level 2 in Ranged Weapons
 11577 | Lair:3   | Reached XP level 14. HP: 126/126 MP: 22/22
 11719 | Lair:4   | Reached skill level 3 in Ranged Weapons
 11724 | Lair:4   | Reached skill level 4 in Ranged Weapons
 11727 | Lair:4   | Reached skill level 5 in Ranged Weapons
 11806 | Lair:4   | You fall into a shaft and drop 1 floor!
 11806 | Lair:5   | Entered Level 5 of the Lair of Beasts
 11922 | Lair:4   | Reached skill level 6 in Ranged Weapons
 11951 | Lair:4   | HP: 2/126 [something (8)]
 12273 | Lair:4   | Reached skill level 7 in Ranged Weapons
 12498 | Lair:4   | Reached skill level 8 in Ranged Weapons
 12855 | Lair:5   | Reached skill level 9 in Ranged Weapons
 12874 | Lair:5   | Found a staircase to the Slime Pits.
 12878 | Lair:5   | Found a viscous altar of Jiyva.
 13167 | Lair:5   | Reached skill level 10 in Ranged Weapons
 13280 | Lair:5   | Reached XP level 15. HP: 102/132 MP: 17/23
 13299 | Lair:5   | Reached skill level 11 in Ranged Weapons
 13334 | Lair:5   | HP: 6/132 [cyan ugly thing (14)]
 13602 | Lair:5   | Found a corrupted altar of Lugonu.
 13602 | Lair:5   | Found a one-way gate to the infinite horrors of the Abyss.
 14259 | Orc:1    | Entered Level 1 of the Orcish Mines
 14618 | Orc:2    | Entered Level 2 of the Orcish Mines
 14618 | Orc:2    | Noticed an orc warlord
 14621 | Orc:2    | Reached skill level 12 in Ranged Weapons
 15018 | Orc:2    | Killed an orc warlord
 15097 | Orc:2    | Noticed Rupert
 15106 | Orc:2    | HP: 6/132 [Rupert/+3 great mace of holy wrath (3)]
 15108 | Orc:2    | Killed Rupert
 15554 | Orc:2    | Found Has Dai's Armour Shoppe.
 15576 | Orc:2    | Bought a +1 pair of boots of rampaging for 247 gold pieces
 15628 | Orc:2    | Found a staircase to the Elven Halls.
 15682 | Orc:2    | Reached skill level 13 in Ranged Weapons
 16035 | Orc:2    | Found Sowuexet's Book Shop.
 16038 | Orc:2    | Found Koir's Magic Scroll Boutique.
 16039 | Orc:2    | Found Zozierei's Jewellery Shop.
 16040 | Orc:2    | Found Tyly's General Store.
 16044 | Orc:2    | Bought a scroll of fear for 64 gold pieces
 16044 | Orc:2    | Bought a scroll of teleportation for 48 gold pieces
 16044 | Orc:2    | Bought a scroll of blinking for 120 gold pieces
 16044 | Orc:2    | Bought a scroll of identify for 32 gold pieces
 17114 | D:12     | Reached skill level 14 in Ranged Weapons
 17177 | D:12     | Noticed a storm dragon
 17191 | D:12     | Killed a storm dragon
 17263 | D:12     | Noticed a tengu reaver
 17277 | D:12     | Killed a tengu reaver
 17409 | D:12     | Reached XP level 16. HP: 139/139 MP: 22/24
 17552 | D:12     | Noticed Jorgrun
 17565 | D:12     | Killed Jorgrun
 17572 | D:12     | Noticed Erolcha
 17574 | D:12     | Reached skill level 15 in Ranged Weapons
 17576 | D:12     | Killed Erolcha
 19280 | D:14     | Found Nonnutre's General Store.
 19290 | D:14     | Bought a scroll of enchant armour for 105 gold pieces
 19290 | D:14     | Bought a scroll of teleportation for 42 gold pieces
 19318 | D:14     | Noticed Nessos
 19326 | D:14     | Killed Nessos
 19575 | D:14     | Reached skill level 16 in Ranged Weapons
 19591 | D:14     | Found a gate to the Vaults.
 20202 | D:15     | Entered Level 15 of the Dungeon
 20381 | D:15     | Identified a scroll of acquirement
 20383 | D:15     | Acquired the +4 pair of gloves "Oproemy" {Int+6}
 20574 | D:15     | Reached skill level 17 in Ranged Weapons
 20834 | D:15     | Found a staircase to the Depths.
 21235 | Spider:1 | Entered Level 1 of the Spider Nest
 21299 | Spider:1 | Noticed Donald
 21310 | Spider:1 | Killed Donald
 21345 | Spider:1 | Noticed Agnes
 21356 | Spider:1 | Slain by a redback

Illustrated notes

Levels and vault maps discovered:
D:1:      dpeg_arrival_tiny_d, layout_rooms, minmay_misc_feat_pillars,
          minmay_lizard_pond
D:2:      layout_basic, shapermc_ecumenical_altar_petra,
          minmay_misc_feat_hallway
D:3:      layout_loops_ring, grunt_temple_overflow_open,
          chequers_serial_rivers_large_a, uniq_ijyb, uniq_robin, uniq_sigmund
D:4:      layout_loops_ring, portal_sewer_entry_a, enter_ossuary_1,
          dreamdust_princess_corridor, st_stairs_7, uniq_menkaure,
          uniq_eustachio, uniq_edmund
D:5:      layout_loops_cross, minmay_temple_entry_overgrown, nicolae_titane,
          uniq_pikel, uniq_duvessa, uniq_grinder
D:6:      layout_rooms, mainiacjoe_overflow_concentric_impassable,
          roderic_roman_lattice, guppyfry_early_elven_hall
D:7:      layout_loops_corners, serial_shops, shop, nicolae_evil_shop
D:8:      layout_cave_pools, gammafunk_temple_overflow_forgotten,
          minmay_chambers_of_fives
D:9:      layout_roguey [special_room_orc], grunt_dithmenos_smoke,
          zombieorc2_lemuel, nzn_sisyphean_effort, uniq_maurice
D:10:     minmay_the_grid_4x2 [minmay_the_grid_doors, minmay_the_grid_spikes,
          minmay_the_grid_square_x, minmay_the_grid_broken_lines,
          minmay_the_grid_embedded, minmay_the_grid_paths,
          minmay_the_grid_stretched_grid, minmay_the_grid_prize_trominoes],
          layout_rooms, lair_entry_dummy, minmay_diamond_spiral
D:11:     layout_irregular_city
D:12:     minmay_textured_paths, layout_loops_ring, minmay_beelzebubs_servants,
          uniq_jorgrun, uniq_erolcha
D:13:     layout_stronghold, hex_medium
D:14:     layout_layer_cave, david_vaults_1, serial_shops,
          nicolae_shop_tiny_waterfront, uniq_nessos
D:15:     hangedman_depths_entry_try_elsewhere_first, layout_loops_ring,
          serial_ice, serial_ice_d, serial_ice_e, serial_ice_c, serial_ice_i,
          nicolae_concentric_dashed_squares_mild
Temple:   eino_temple_water
Lair:1:   layout_regular_city, uniq_amaemon
Lair:2:   minmay_guarded_unrand_snakebite, layout_cave_pods, dummy_spider_entry,
          chequers_serial_rivers_small_3, infiniplex_staircase_pool,
          uniq_gastronok
Lair:3:   wad_woods_tower, layout_chaotic_city, minmay_shoals_entry_hut,
          pdpol_lair_cabin_in_the_woods
Lair:4:   layout_roguey [special_room_bee]
Lair:5:   hellmonk_lair_end_abyssal_woods, layout_concentric_octagons,
          nicolae_slime_entry_field_trip
Spider:1: layout_spider_delve, uniq_donald, uniq_agnes, uniq_mlioglotl
Orc:1:    layout_caves
Orc:2:    st_orc_pillars, layout_caves, serial_shops, nicolae_lakefront_shop,
          mines_bat_river, uniq_rupert

Skill      XL: |  1  2  3  4  5  6  7  8  9 10 11 12 13 14 15 16 |
---------------+-------------------------------------------------+-----
Fighting       | 2 3 4 6 12 | 12.0
Unarmed Combat | 3 6 10 13 15 | 15.0
Shields        | 5 10 | 10.0
Invocations    | 4 11 12 | 12.0
Armour         | 4 |  4.2
Ranged Weapons | 2 10 14 17 | 17.5
Dodging        | |  1.7
Spellcasting   | |  1.0
Hexes          | |  2.4

Action                     |  1- 3 |  4- 6 |  7- 9 | 10-12 | 13-15 | 16-18 || total
---------------------------+-------+-------+-------+-------+-------+-------++-------
  Melee: Unarmed           |   200 |   245 |   282 |   559 |   600 |       ||  1886
         Punch             |     1 |     4 |    11 |    40 |    72 |       ||   128
   Fire: Sling             |    38 |       |       |       |       |       ||    38
         Arbalest          |       |       |       |       |   431 |   381 ||   812
  Throw: Throwing net      |       |       |       |     2 |     1 |       ||     3
  Evoke: Wand              |       |       |     5 |       |     2 |       ||     7
    Use: Scroll            |     5 |     3 |       |     4 |    16 |     4 ||    32
         Potion            |       |       |     5 |       |     3 |       ||     8
   Stab: Paralysed         |       |       |     2 |    51 |    68 |       ||   121
         Held in net/web   |       |       |       |     1 |       |       ||     1
 Armour: Robe              |     7 |       |       |       |       |       ||     7
         Chain mail        |   115 |       |       |       |       |       ||   115
         Scale mail        |       |   154 |   113 |   189 |   334 |   129 ||   919
  Dodge: Dodged            |   122 |   130 |    93 |   286 |   587 |   180 ||  1398
  Block: Other             |       |       |       |    97 |       |       ||    97
         Reflection        |       |       |       |     5 |       |       ||     5
